 Seeded DCSS version 0.29-a0-472-ge5599a681e (webtiles) character file.

Game seed: 6774861435536819975 (custom seed)

60 bwicke the Sneak (level 4, -4/28 HPs)
             Began as an Octopode Transmuter on May 22, 2022.
             Slain by Sigmund
             ... wielding a +0 scythe
              (9 damage)
             ... on level 2 of the Dungeon.
             The game lasted 00:03:14 (1819 turns).

bwicke the Sneak (Octopode Transmuter)              Turns: 1819, Time: 00:03:15

Health: -4/28      AC:  1    Str:  9    XL:     4   Next: 6%
Magic:  6/7        EV: 13    Int: 17    God:
Gold:   91         SH:  0    Dex: 12    Spells: 6/7 levels left

rFire   + . .      SeeInvis .   c - +0 dagger
rCold   . . .      Faith    .   (no shield)
rNeg    . . .      Spirit   .   (helmet currently unavailable)
rPois   .          Reflect  .   (no amulet)
rElec   .          Harm     .   n - ring of protection from fire
rCorr   .          Rampage  .   (no ring)
Will    .....                   (no ring)
Stlth   ++++......              (no ring)
HPRegen 0.09/turn               (no ring)
MPRegen 0.10/turn               (no ring)
                                (no ring)
                                (no ring)

@: appendages
A: tentacle spike 3, almost no armour, amphibious, 8 rings, camouflage 1,
gelatinous body 1, (nimble swimmer 1), tentacles
a: End Transformation


You were on level 2 of the Dungeon.
One of your tentacles had grown a beastly spike.
You visited 1 branch of the dungeon, and saw 2 of its levels.

You collected 91 gold pieces.

Inventory:

Hand Weapons
 c - a +0 dagger (weapon)
 m - a +0 spear
Missiles
 b - 10 poisoned darts
 h - 2 throwing nets
 i - 3 atropa-tipped darts
Jewellery
 n - a ring of protection from fire (left tentacle)
Scrolls
 d - a scroll of identify {unknown}
 f - a scroll of teleportation {unknown}
 j - a scroll of fear {unknown}
 l - a scroll of blinking {unknown}
Potions
 a - a potion of lignification
 e - a potion of heal wounds {unknown}
 g - a potion of haste {unknown}
 k - a potion of curing {unknown}


   Skills:
 - Level 1.0 Fighting
 - Level 2.0 Dodging
 + Level 5.2 Stealth
 - Level 3.0 Unarmed Combat
 - Level 2.0 Spellcasting
 - Level 2.0 Transmutations


You had 6 spell levels left.
You knew the following spells:

 Your Spells              Type           Power      Damage    Failure   Level
a - Beastly Appendage     Tmut           16%        N/A       9%          1

Your spell library contained the following spells:

 Spells                   Type           Power      Damage    Failure   Level
 Wereblood                Tmut           8%         N/A       13%         2
 Spider Form              Tmut/Pois      5%         N/A       36%         3
 Ice Form                 Ice/Tmut       5%         N/A       77%         4


Dungeon Overview and Level Annotations

Branches:
Dungeon (2/15)

Altars:

Annotations:
D:2 Sigmund


Innate Abilities, Weirdness & Mutations

One of your tentacles has grown a beastly spike.
You cannot wear most types of armour.
You are amphibious.
You can wear up to eight rings at the same time.
Your skin changes colour to match your surroundings (Stealth+).
Your rubbery body absorbs attacks. (AC +1, EV +1)
((You are camouflaged when in or above water. (Stealth+)))
You have tentacles for arms and can constrict up to eight enemies at once.


Message History

Found a dagger.
You see here a +0 dagger.
You see here a +0 dagger.
Found 18 stones.
You see here 18 stones.
Sigmund the Dreaded comes into view.
He is wielding a +0 scythe and carrying a wand of digging (1).
Throw: 12 darts (poison)
Press: ? - help, Shift-Dir - straight line, f - Sigmund
Aim: Sigmund, wielding a +0 scythe, wearing a +0 robe and carrying a wand of digging (1) (asleep, 98% to hit)
You throw a poisoned dart. The poisoned dart hits Sigmund.
Throw: 11 darts (poison)
Press: ? - help, Shift-Dir - straight line, f/p - Sigmund
Aim: Sigmund, wielding a +0 scythe, wearing a +0 robe and carrying a wand of digging (1) (52% to hit)
You throw a poisoned dart. The poisoned dart hits Sigmund.
Throw: 4 darts (atropa)
Press: ? - help, Shift-Dir - straight line, f/p - Sigmund
Aim: Sigmund, wielding a +0 scythe, wearing a +0 robe and carrying a wand of digging (1) (52% to hit, chance to blind on hit: 87%)
You throw an atropa-tipped dart. The atropa-tipped dart hits Sigmund.
Sigmund appears confused.
Casting: Beastly Appendage (safe; 9% risk of failure)
Press: ? - help, Q - select action, (/) - cycle Dir - look around, f - activate One of your tentacles grows a vicious spike.
Sigmund seems less confused.
Found a short sword.
Sigmund gestures at you while chanting. The magic dart hits you.
Sigmund hits you with a +0 scythe!
You hit Sigmund. You grab Sigmund. You squeeze Sigmund.
Sigmund is lightly wounded.
You constrict Sigmund.
Sigmund is no longer blind.
Sigmund hits you with a +0 scythe!
* * * LOW HITPOINT WARNING * * *
You hit Sigmund but do no damage.
You pierce Sigmund, but do no damage.
You squeeze Sigmund.
Sigmund is moderately wounded.
You constrict Sigmund, but do no damage.
You hit Sigmund.
You pierce Sigmund.
Sigmund is heavily wounded.
You constrict Sigmund. Sigmund hits you with a +0 scythe!
You die...

#(.......# ###..###
#.######.# ##.#..#
#.######.####.#...###
#
#.##.................
..
#.##.###.####.#...###
#. #.##.###.#
##....... #........#
##...### ####.#####
##.## #@# #.# #@# #.#
# (.. +# #. #####
#(..# #.##...# #(..#
#......# .....
###....#####...)...
....................
##....###.####


You could see Sigmund.

Vanquished Creatures
  Natasha (D:2)
  A dart slug (D:2)
  3 endoplasms (D:1)
  4 giant cockroaches
  4 goblins
  A hobgoblin (D:2)
  2 quokkas (D:1)
  5 ball pythons
  5 bats
  A frilled lizard (D:1)
  4 kobolds
  2 rats (D:1)
33 creatures vanquished.

Notes
Turn   | Place    | Note
-------+----------+-------------------------------------------
     0 | D:1      | bwicke the Octopode Transmuter began the quest for the Orb.
     0 | D:1      | Reached XP level 1. HP: 13/13 MP: 3/3
    54 | D:1      | Reached skill level 1 in Stealth
   332 | D:1      | Reached skill level 2 in Stealth
   335 | D:1      | Reached XP level 2. HP: 10/18 MP: 3/5
   575 | D:1      | Reached skill level 3 in Stealth
  1051 | D:1      | Found a faded altar of an unknown god.
  1073 | D:1      | Reached XP level 3. HP: 21/23 MP: 4/6
  1334 | D:2      | Reached skill level 4 in Stealth
  1632 | D:2      | Noticed Natasha
  1646 | D:2      | Killed Natasha
  1647 | D:2      | Reached skill level 5 in Stealth
  1647 | D:2      | Reached XP level 4. HP: 28/28 MP: 5/7
  1810 | D:2      | Noticed Sigmund
  1819 | D:2      | Slain by Sigmund

Illustrated notes

Levels and vault maps discovered:
D:1:      nzn_arrival_water_spiral, layout_basic, basic_ecumenical_altar
D:2:      layout_loops_corners, uniq_natasha, uniq_sigmund

Skill      XL: |  1  2  3 |
---------------+----------+-----
Stealth        | 2 3 5 |  5.2
Fighting       | |  1.0
Dodging        | |  2.0
Unarmed Combat | |  3.0
Spellcasting   | |  2.0
Transmutations | |  2.0

Action                   |  1- 3 |  4- 6 || total
-------------------------+-------+-------++-------
Melee: Dagger            |    48 |     6 ||    54
       Constrict         |    10 |     2 ||    12
       Unarmed           |     4 |       ||     4
       Tentacles         |     8 |     3 ||    11
       Kick              |    10 |     2 ||    12
       Punch             |     1 |       ||     1
Throw: Dart              |       |     3 ||     3
 Cast: Beastly Appendage |    13 |     3 ||    16
 Stab: Sleeping          |    12 |     2 ||    14
Armor: Skin              |     8 |       ||     8
Dodge: Dodged            |    21 |     1 ||    22

Table legend: (Time is in decaauts)
 A = Elapsed time spent in this place.
 B = Non-inter-level travel time spent in this place.
 C = Inter-level travel time spent in this place.
 D = Time resting spent in this place.
 E = Time spent auto-exploring this place.
 F = Levels seen in this place.
 G = Mean time per level.
                   A        B        C        D        E       F      G
               +--------+--------+--------+--------+--------+-----+--------+
         Total |   1817 |   1809 |      8 |      0 |   1476 |   2 |  908.5 |
       Dungeon |   1817 |   1809 |      8 |      0 |   1476 |   2 |  908.5 |
               +--------+--------+--------+--------+--------+-----+--------+

Top non-repeatable levels by time:
     D:1: 1327 daAuts
     D:2: 490 daAuts
